 Dungeon Crawl Stone Soup version 0.18.1-6-gd335043 (webtiles) character file.

317 m0ast the Ruffian (level 6, -3/52 (53) HPs)
             Began as a Ghoul Monk on May 20, 2016.
             Slain by Sigmund
             ... wielding a +0 scythe
              (11 damage)
             ... on level 4 of the Dungeon.
             The game lasted 00:15:42 (3586 turns).

m0ast the Ruffian (Ghoul Monk)                      Turns: 3586, Time: 00:15:43

HP:   -3/52 (53)    AC:  2    Str: 15    XL:     6   Next: 44%
MP:   5/5           EV: 14    Int:  5    God:
Gold: 172           SH:  0    Dex: 13    Spells: 0 memorised, 5 levels left

rFire  . . .     SeeInvis .       - Unarmed
rCold  + . .     Gourm    .     a - +0 robe
rNeg   + + +     Faith    .     (no shield)
rPois  ∞         Spirit   .     (no helmet)
rElec  .         Dismiss  .     (no cloak)
rCorr  .         Reflect  .     (no gloves)
SustAt .         Harm     .     (no boots)
MR     .....                    (no amulet)
Stlth  ++........               (no ring)
                                (no ring)

@: rotting, not resistant to hostile enchantments, unstealthy
A: rotting body, claws 1, carnivore 3, cold resistance 1, negative energy
resistance 3, slow regeneration 1, torment resistance, unbreathing
a: no special abilities


You were on level 4 of the Dungeon.
You were not hungry.

You visited 1 branch of the dungeon, and saw 4 of its levels.

You collected 172 gold pieces.

Inventory:

Armour
 a - a +0 robe (worn)
 d - a +0 leather armour
 n - a +0 robe
Scrolls
 f - 2 scrolls of teleportation {unknown}
 g - 4 scrolls of blinking {unknown}
 i - a scroll of random uselessness {unknown}
 j - a scroll of immolation {unknown}
 l - a scroll of remove curse {unknown}
 m - a scroll of identify {unknown}
Potions
 e - 2 potions of flight {unknown}
 h - a potion of invisibility {unknown}
Books
 k - a Fen Folio

   Spells                             Type                      Level
   a - Corpse Rot                     Necromancy                   2
   b - Stone Arrow                    Conjuration/Earth            3
   c - Leda's Liquefaction            Hexes/Earth                  4
   d - Summon Forest                  Summoning/Translocation      5
   e - Hydra Form                     Transmutation                6
   f - Summon Hydra                   Summoning                    7
Comestibles
 b - 4 meat rations
 o - a beef jerky


   Skills:
 + Level 4.3 Fighting
 * Level 4.1 Dodging
 + Level 3.3 Stealth
 * Level 6.2 Unarmed Combat


You had 5 spell levels left.
You didn't know any spells.

Dungeon Overview and Level Annotations

Branches:
Dungeon (4/15)
 Temple: D:4-7

Altars:
Gozag
Nemelex Xobeh

Annotations:
D:4 Sigmund


Innate Abilities, Weirdness & Mutations

Your body is rotting away.
You thrive on raw meat.
You are immune to poison.
You have sharp fingernails.
You are carnivorous and can eat meat at any time.
Your flesh is cold resistant.
You are immune to negative energy.
You regenerate slowly when monsters are visible.
You are immune to unholy pain and torment.
You can survive without breathing.


Message History

Sigmund mumbles some strange words.
Sigmund flickers and vanishes!
Deactivating autopickup; reactivate with Ctrl-A.
You closely miss something. Something hits you!
You barely miss something.
You hear some strange, mumbled words.
Something tries to affect you, but you resist.
You completely miss something. You scratch something.
Your claw misses something. Something hits you but does no damage.
You scratch something. Something hits you.
You scratch something. You barely miss something. Something hits you!
You closely miss something. Your claw misses something. Something hits you!
* * * LOW HITPOINT WARNING * * *
A puff of flame appears from out of thin air!
The puff of flame misses you. Something hits you!
You die...

### #######.#
#<......# #######.#
#.# ##### #.#
......##########.####
#......@........#
#............##.#
#.########.#....# #.
#.#....# . #.#....#
## #.#....# #.#....#
#.#....# #....#


There were no monsters in sight!

Vanquished Creatures
  The ghost of ThereIsNoGod the Sneak, an amateur OpAs (D:3)
  A jelly (D:3)
  Jessica (D:3)
  4 adders
  2 oozes
  A worm (D:2)
  4 dart slugs
  5 giant geckos
  10 orcs (D:3)
  4 bats
  2 giant cockroaches
  9 goblins
  8 hobgoblins
  2 jackals (D:3)
  2 quokkas
  2 giant newts
  6 kobolds
  10 rats
  6 plants (D:1)
80 creatures vanquished.

Notes
Turn   | Place    | Note
--------------------------------------------------------------
     0 | D:1      | m0ast the Ghoul Monk began the quest for the Orb.
     0 | D:1      | Reached XP level 1. HP: 19/19 MP: 0/0
   304 | D:1      | Reached XP level 2. HP: 25/26 MP: 1/1
   502 | D:1      | Reached XP level 3. HP: 31/31 MP: 2/2
   664 | D:1      | Reached skill level 5 in Unarmed Combat
  1979 | D:2      | Reached XP level 4. HP: 40/40 MP: 3/3
  2099 | D:2      | Found an opulent altar of Gozag.
  2099 | D:2      | Found a sparkling altar of Nemelex Xobeh.
  2633 | D:3      | Noticed Jessica
  2649 | D:3      | Killed Jessica
  2649 | D:3      | Reached XP level 5. HP: 44/46 MP: 4/4
  2861 | D:3      | Noticed ThereIsNoGod's ghost (amateur OpAs)
  2876 | D:3      | Killed ThereIsNoGod's ghost
  2876 | D:3      | Reached skill level 6 in Unarmed Combat
  2876 | D:3      | Reached XP level 6. HP: 41/52 MP: 5/5
  3562 | D:4      | Noticed Sigmund
  3586 | D:4      | Slain by Sigmund

Skill      XL: |  1  2  3  4  5  6 |
---------------+-------------------+-----
Unarmed Combat | 5 6 |  6.2
Dodging        | 3 4 |  4.1
Fighting       | 4 |  4.3
Stealth        | 3 |  3.3

Action                   |  1- 3 |  4- 6 || total
-------------------------+-------+-------++-------
Melee: Unarmed           |   291 |   120 ||   411
       Punch             |     9 |     2 ||    11
 Stab: Sleeping          |     7 |     2 ||     9
  Eat: Chunk             |    19 |    14 ||    33
Armor: Robe              |    11 |    10 ||    21
Dodge: Dodged            |    48 |    69 ||   117
